Flyers vs Bruins

Created - January 13, 2017 at 17:29

Goals
1 2 3 T
Flyers 2 2 1 5
Bruins 0 1 0 1
Shots
1 2 3 T
Flyers 10 7 10 27
Bruins 10 8 8 26

1st period

1. Flyers , Shawn Matthias 12 (Chris VandeVelde) at 2:32
2. Flyers , Ryan Ellis 6 (Andre Burakovsky, Jean-Gabriel Pageau) at 13:52 (PP)

Penalties :
Torey Krug (BOS) for Interference (Minor) at 12:55, Andrew Ladd (BOS) for Hooking (Minor) at 18:42

2nd period

3. Flyers , Jean-Gabriel Pageau 17 (Alexander Killorn, Damon Severson) at 7:13
4. Flyers , Andre Burakovsky 11 (Jean-Gabriel Pageau) at 16:35
5. Bruins , Andrew Ladd 16 (Corey Perry, Carl Soderberg) at 18:38 (PP)

Penalties :
Andrew Ladd (BOS) for Hooking (Minor) at 2:37, Jean-Gabriel Pageau (PHI) for High sticking (Minor) at 7:34, Calle Jarnkrok (PHI) for Hooking (Minor) at 17:24

3rd period

6. Flyers , Alexander Killorn 21 (Jean-Gabriel Pageau, Jonathan Ericsson) at 11:48

Penalties :
Tomas Plekanec (BOS) for Delaying the game (Minor) at 3:39

Goalie Stats

Devan Dubnyk (PHI), 25 saves from 26 shots - (0.962), W, 15-15-1, 60:00 minutes
Carey Price (BOS), 10 saves from 14 shots - (0.714), L, 16-17-2, 36:35 minutes
Thomas Greiss (BOS), 12 saves from 13 shots - (0.923), 23:25 minutes

Players Stats for Flyers

Player Name              G  A  P  +/- PIM S  H  SB GA TA FO     MP     PP MP  PK MP  
------------------------------------------------------------------------------------
Alexander Killorn        1  1  2   3  0   1  0  0  0  0  0/0    19:21   2:58   0:00 
Andre Burakovsky         1  1  2   3  0   3  1  0  0  0  0/2    20:19   3:56   0:00 
Andrew MacDonald         0  0  0   0  0   0  2  2  0  0  0/0    18:39   0:42   1:49 
Ben Hutton               0  0  0   1  0   0  0  0  0  0  0/0    20:28   2:45   0:00 
Brian Gionta             0  0  0   0  0   1  0  0  0  0  1/2    12:36   0:06   1:43 
Calle Jarnkrok           0  0  0   0  2   3  0  0  0  0  11/25  17:15   0:00   0:53 
Casey Cizikas            0  0  0   0  0   0  3  0  0  0  7/13   12:39   0:36   1:30 
Chris VandeVelde         0  1  1   1  0   0  0  0  0  0  4/8     7:24   0:00   0:50 
Damon Severson           0  1  1   3  0   0  1  1  0  0  0/0    19:35   3:33   0:00 
Dan Boyle                0  0  0   0  0   0  2  2  0  0  0/0    15:04   3:21   1:24 
Jean-Gabriel Pageau      1  3  4   3  2   6  2  0  0  0  11/20  20:18   3:56   0:00 
Joel Ward                0  0  0   0  0   4  1  0  0  0  1/2    19:43   3:20   0:00 
Jonathan Ericsson        0  1  1   3  0   1  1  0  0  0  0/0    17:51   0:00   1:49 
Marcus Johansson         0  0  0   0  0   4  0  0  0  0  1/4    19:15   2:52   0:00 
Matt Hendricks           0  0  0   1  0   0  0  0  0  0  0/0     8:04   0:00   1:30 
Ryan Ellis               1  0  1   0  0   2  2  0  0  0  0/0    19:35   3:27   0:00 
Shawn Matthias           1  0  1   1  0   1  2  1  0  0  1/2    19:51   2:58   0:00 
Tom Gilbert              0  0  0   1  0   1  0  1  0  0  0/0     8:48   0:00   1:24 

Players Stats for Bruins

Player Name              G  A  P  +/- PIM S  H  SB GA TA FO     MP     PP MP  PK MP  
------------------------------------------------------------------------------------
Anders Lee               0  0  0  -1  0   1  1  1  0  0  0/0    13:14   0:00   1:17 
Andrew Ladd              1  0  1  -2  4   3  1  0  0  0  1/4    15:26   1:10   0:48 
Brendan Gallagher        0  0  0  -1  0   3  1  0  0  0  0/2    20:21   2:03   0:00 
Carl Soderberg           0  1  1  -1  0   1  0  0  0  0  7/18   16:38   1:10   3:31 
Connor Brown             0  0  0   0  0   0  0  0  0  0  0/0     6:08   0:00   0:00 
Corey Perry              0  1  1  -2  0   3  1  0  0  0  1/1    14:40   1:10   0:00 
Freddie Hamilton         0  0  0   0  0   0  1  0  0  0  2/6     6:08   0:00   0:00 
Greg Pateryn             0  0  0   0  0   0  1  1  0  0  0/0    15:55   0:00   3:29 
Jake Muzzin              0  0  0  -2  0   2  4  3  0  0  0/0    24:47   1:10   3:04 
Leon Draisaitl           0  0  0  -1  0   2  0  0  0  0  0/0    20:29   2:03   0:08 
Melker Karlsson          0  0  0   0  0   0  0  0  0  0  1/1    10:57   0:00   4:49 
Noah Hanifin             0  0  0   0  0   0  0  2  0  0  0/0    12:58   0:00   0:32 
P.K. Subban              0  0  0  -2  0   0  2  1  0  0  0/0    22:31   2:03   3:34 
Patrice Bergeron         0  0  0  -2  0   6  0  0  0  0  14/22  16:45   0:00   3:15 
Ryan Spooner             0  0  0  -1  0   1  0  2  0  0  0/0    11:57   0:00   0:00 
Shea Weber               0  0  0  -2  0   0  3  1  0  0  0/0    22:52   2:03   0:16 
Tomas Plekanec           0  0  0  -1  2   4  0  0  0  0  15/24  20:20   2:03   0:00 
Torey Krug               0  0  0  -2  2   0  0  0  0  0  0/0    20:56   1:10   2:53 

3 Stars

1 - Jean-Gabriel Pageau (PHI)
2 - Andre Burakovsky (PHI)
3 - Alexander Killorn (PHI)

Power Play

Flyers - 1 on 4 Attempt(s) - 25.00%
Bruins - 1 on 2 Attempt(s) - 50.00%

Penalty Kill

Flyers - 1 on 2 Attempt(s) - 50.00% - Score 0 goal in Penalty Kill
Bruins - 3 on 4 Attempt(s) - 75.00% - Score 0 goal in Penalty Kill

Team Stat

Flyers - Hits : 17 - Faceoff Wins : 37 - Blocked Shots : 7 - Penalty Minutes : 4
Bruins - Hits : 15 - Faceoff Wins : 41 - Blocked Shots : 11 - Penalty Minutes : 8

Official

Referees : Chris Lee and Ghislain Hebert
Linesman : Steve Barton and Don Henderson

Game Notes

Thomas Greiss enters game at 16:35 of 2nd period

Finance

Level 1 -- Attendance: 5566 (85.63%) -- Ticket Income $612,260
Level 2 -- Attendance: 5000 (100.00%) -- Ticket Income $375,000
Level 3 -- Attendance: 3069 (87.69%) -- Ticket Income $171,864
Level 4 -- Attendance: 1565 (100.00%) -- Ticket Income $62,600
Luxury Box -- Attendance: 1000 (100.00%) -- Ticket Income $199,000
Game was played at the TD Garden.
Total Attendance: 16200 (92.23%)
Total Ticket Income: $1,420,724
Other Income: $213,109
Total Income: $1,633,833

% Time on Ice - Flyers

Lines # - Real PCT - Wanted PCT - Time Play
Normal Forward
1 - 33% - 32% - 16:23
2 - 33% - 32% - 16:23
3 - 21% - 24% - 10:33
4 - 13% - 12% - 6:34
Normal Defense
1 - 32% - 33% - 16:08
2 - 32% - 33% - 16:02
3 - 21% - 23% - 10:19
4 - 15% - 11% - 7:24
PP Forward
1 - 57% - 50% - 3:56
2 - 43% - 50% - 2:58
PP Defense
1 - 51% - 55% - 3:33
2 - 49% - 45% - 3:21
PK Forward
1 - 53% - 50% - 1:43
2 - 47% - 50% - 1:30
PK Defense
1 - 56% - 55% - 1:49
2 - 44% - 45% - 1:24
PK3 Forward
1 - 0% - 60%
2 - 0% - 40%
PK3 Defense
1 - 0% - 50%
2 - 0% - 50%
44 Forward
1 - 0% - 50%
2 - 0% - 50%
44 Defense
1 - 0% - 50%
2 - 0% - 50%
Last Minute Offensive  - 0:00
Last Minute Defensive  - 0:00
Total
Forward - 60:00
Defense - 60:00

% Time on Ice - Bruins

Lines # - Real PCT - Wanted PCT - Time Play
Normal Forward
1 - 37% - 40% - 18:18
2 - 27% - 30% - 13:30
3 - 24% - 20% - 11:57
4 - 12% - 10% - 6:08
Normal Defense
1 - 39% - 40% - 19:18
2 - 34% - 30% - 16:54
3 - 25% - 20% - 12:26
4 - 3% - 10% - 1:15
PP Forward
1 - 64% - 60% - 2:03
2 - 36% - 40% - 1:10
PP Defense
1 - 64% - 60% - 2:03
2 - 36% - 40% - 1:10
PK Forward
1 - 70% - 60% - 4:49
2 - 30% - 40% - 2:05
PK Defense
1 - 41% - 60% - 2:48
2 - 59% - 40% - 4:06
PK3 Forward
1 - 0% - 60%
2 - 0% - 40%
PK3 Defense
1 - 0% - 60%
2 - 0% - 40%
44 Forward
1 - 0% - 60%
2 - 0% - 40%
44 Defense
1 - 0% - 60%
2 - 0% - 40%
Last Minute Offensive  - 0:00
Last Minute Defensive  - 0:00
Total
Forward - 60:00
Defense - 60:00

Play by Play

1st period


0:01 of 1st period - Tomas Plekanec wins face-off versus Jean-Gabriel Pageau in neutral zone.
0:24 of 1st period - Shot by Jean-Gabriel Pageau.
0:24 of 1st period - Stopped by Carey Price without a rebound.
0:25 of 1st period - Patrice Bergeron wins face-off versus Joel Ward in Bruins zone.
0:27 of 1st period - Torey Krug is hit by Joel Ward and loses puck.
0:52 of 1st period - Shot by Patrice Bergeron.
0:52 of 1st period - Stopped by Devan Dubnyk without a rebound.
0:53 of 1st period - Casey Cizikas wins face-off versus Carl Soderberg in Flyers zone.
1:00 of 1st period - Shot by Shawn Matthias.
1:00 of 1st period - Shot Misses the Net.
1:26 of 1st period - Shot by Brian Gionta.
1:26 of 1st period - Stopped by Carey Price without a rebound.
1:27 of 1st period - Jean-Gabriel Pageau wins face-off versus Tomas Plekanec in Bruins zone.
1:27 of 1st period - Alexander Killorn is hit by Jake Muzzin and loses puck.
1:48 of 1st period - Shot by Tomas Plekanec.
1:48 of 1st period - Deflect By Brendan Gallagher.
1:48 of 1st period - Shot Misses the Net.
2:22 of 1st period - Shot by Marcus Johansson.
2:22 of 1st period - Stopped by Carey Price without a rebound.
2:23 of 1st period - Patrice Bergeron wins face-off versus Chris VandeVelde in Bruins zone.
2:30 of 1st period - Shot by Shawn Matthias.
2:30 of 1st period - Deflect By Chris VandeVelde.
2:30 of 1st period - Shot Misses the Net.
2:32 of 1st period - Shot by Shawn Matthias.
2:32 of 1st period - Goal by Shawn Matthias - Flyers : 1 - Bruins : 0.
2:33 of 1st period - Joel Ward wins face-off versus Freddie Hamilton in neutral zone.
3:41 of 1st period - Shot by Patrice Bergeron.
3:41 of 1st period - Stopped by Devan Dubnyk without a rebound.
3:42 of 1st period - Shawn Matthias wins face-off versus Carl Soderberg in Flyers zone.
3:53 of 1st period - Shot by Carl Soderberg.
3:53 of 1st period - Stopped by Devan Dubnyk without a rebound.
3:54 of 1st period - Jean-Gabriel Pageau wins face-off versus Tomas Plekanec in Flyers zone.
4:23 of 1st period - Shot by Brendan Gallagher.
4:23 of 1st period - Shot Misses the Net.
4:25 of 1st period - Shot by Tomas Plekanec.
4:25 of 1st period - Stopped by Devan Dubnyk without a rebound.
4:26 of 1st period - Patrice Bergeron wins face-off versus Chris VandeVelde in Flyers zone.
5:04 of 1st period - Shot by Patrice Bergeron.
5:04 of 1st period - Stopped by Devan Dubnyk without a rebound.
5:05 of 1st period - Jean-Gabriel Pageau wins face-off versus Carl Soderberg in Flyers zone.
5:18 of 1st period - Shot by Jean-Gabriel Pageau.
5:18 of 1st period - Deflect By Andre Burakovsky.
5:18 of 1st period - Shot Blocked by Ryan Spooner.
5:45 of 1st period - Ryan Spooner is hit by Andrew MacDonald and loses puck.
6:29 of 1st period - Shot by Leon Draisaitl.
6:29 of 1st period - Deflect By Tomas Plekanec.
6:29 of 1st period - Shot Misses the Net.
6:32 of 1st period - Icing by Ben Hutton.
6:33 of 1st period - Casey Cizikas wins face-off versus Andrew Ladd in Flyers zone.
6:33 of 1st period - Shawn Matthias is hit by Corey Perry and loses puck.
7:30 of 1st period - Shot by Joel Ward.
7:30 of 1st period - Stopped by Carey Price with a rebound.
7:43 of 1st period - Shot by Joel Ward.
7:43 of 1st period - Shot Misses the Net.
7:45 of 1st period - Shot by Calle Jarnkrok.
7:45 of 1st period - Shot Misses the Net.
7:47 of 1st period - Shot by Calle Jarnkrok.
7:47 of 1st period - Shot Misses the Net.
7:49 of 1st period - Shot by Calle Jarnkrok.
7:49 of 1st period - Stopped by Carey Price with a rebound.
7:53 of 1st period - Shot by Joel Ward.
7:53 of 1st period - Stopped by Carey Price without a rebound.
7:54 of 1st period - Chris VandeVelde wins face-off versus Freddie Hamilton in Bruins zone.
7:55 of 1st period - Shot by Matt Hendricks.
7:55 of 1st period - Shot Misses the Net.
8:16 of 1st period - Ryan Ellis is hit by Freddie Hamilton and loses puck.
8:23 of 1st period - Shot by Connor Brown.
8:23 of 1st period - Shot Blocked by Andrew MacDonald.
9:11 of 1st period - Shot by Leon Draisaitl.
9:11 of 1st period - Stopped by Devan Dubnyk with a rebound.
9:13 of 1st period - Shot by Tomas Plekanec.
9:13 of 1st period - Stopped by Devan Dubnyk without a rebound.
9:14 of 1st period - Patrice Bergeron wins face-off versus Calle Jarnkrok in Flyers zone.
9:18 of 1st period - Icing by Jonathan Ericsson.
9:19 of 1st period - Tomas Plekanec wins face-off versus Calle Jarnkrok in Flyers zone.
9:50 of 1st period - Shot by Joel Ward.
9:50 of 1st period - Deflect By Calle Jarnkrok.
9:50 of 1st period - Shot Misses the Net.
9:57 of 1st period - Icing by Torey Krug.
9:58 of 1st period - Tomas Plekanec wins face-off versus Jean-Gabriel Pageau in Bruins zone.
10:41 of 1st period - Shot by Corey Perry.
10:41 of 1st period - Shot Misses the Net.
12:27 of 1st period - Shot by Ryan Spooner.
12:27 of 1st period - Shot Blocked by Damon Severson.
12:30 of 1st period - Icing by Jonathan Ericsson.
12:31 of 1st period - Tomas Plekanec wins face-off versus Calle Jarnkrok in Flyers zone.
12:49 of 1st period - Tomas Plekanec is hit by Andre Burakovsky and loses puck.
12:55 of 1st period - Minor Penalty to Torey Krug for Interference.
12:56 of 1st period - Carl Soderberg wins face-off versus Marcus Johansson in Bruins zone.
13:44 of 1st period - Shot by Ryan Ellis.
13:44 of 1st period - Shot Misses the Net.
13:46 of 1st period - Shot by Ryan Ellis.
13:46 of 1st period - Shot Misses the Net.
13:48 of 1st period - Shot by Ryan Ellis.
13:48 of 1st period - Shot Misses the Net.
13:50 of 1st period - Shot by Ryan Ellis.
13:50 of 1st period - Shot Blocked by Jake Muzzin.
13:52 of 1st period - Shot by Ryan Ellis.
13:52 of 1st period - Goal by Ryan Ellis - Flyers : 2 - Bruins : 0.
13:53 of 1st period - Tomas Plekanec wins face-off versus Casey Cizikas in neutral zone.
14:02 of 1st period - Leon Draisaitl is hit by Casey Cizikas and loses puck.
14:06 of 1st period - Icing by Brendan Gallagher.
14:07 of 1st period - Tomas Plekanec wins face-off versus Jean-Gabriel Pageau in Bruins zone.
14:36 of 1st period - Shot by Jean-Gabriel Pageau.
14:36 of 1st period - Shot Hit the Post.
14:38 of 1st period - Shot by Tom Gilbert.
14:38 of 1st period - Stopped by Carey Price with a rebound.
14:46 of 1st period - Tomas Plekanec is hit by Jean-Gabriel Pageau and loses puck.
15:06 of 1st period - Shot by Casey Cizikas.
15:06 of 1st period - Shot Blocked by Shea Weber.
15:24 of 1st period - Shot by Ryan Spooner.
15:24 of 1st period - Stopped by Devan Dubnyk without a rebound.
15:25 of 1st period - Calle Jarnkrok wins face-off versus Andrew Ladd in Flyers zone.
15:25 of 1st period - Calle Jarnkrok is hit by Andrew Ladd.
15:55 of 1st period - Shot by Andrew Ladd.
15:55 of 1st period - Stopped by Devan Dubnyk with a rebound.
15:57 of 1st period - Shot by Andrew Ladd.
15:57 of 1st period - Shot Misses the Net.
16:09 of 1st period - Shot by Andrew Ladd.
16:09 of 1st period - Stopped by Devan Dubnyk without a rebound.
16:10 of 1st period - Casey Cizikas wins face-off versus Carl Soderberg in Flyers zone.
16:15 of 1st period - Shot by Brian Gionta.
16:15 of 1st period - Deflect By Casey Cizikas.
16:15 of 1st period - Shot Misses the Net.
16:44 of 1st period - Shea Weber is hit by Casey Cizikas and loses puck.
18:00 of 1st period - Off-side.
18:01 of 1st period - Patrice Bergeron wins face-off versus Calle Jarnkrok in neutral zone.
18:42 of 1st period - Minor Penalty to Andrew Ladd for Hooking.
18:43 of 1st period - Patrice Bergeron wins face-off versus Marcus Johansson in Bruins zone.
18:43 of 1st period - Patrice Bergeron is hit by Shawn Matthias.
19:13 of 1st period - Shot by Marcus Johansson.
19:13 of 1st period - Stopped by Carey Price with a rebound.
19:15 of 1st period - Shot by Dan Boyle.
19:15 of 1st period - Shot Misses the Net.
19:33 of 1st period - Shot by Andre Burakovsky.
19:33 of 1st period - Shot Misses the Net.
Goals for this period are 2 for Flyers vs 0 for Bruins.
Shots for this period are 10 for Flyers vs 10 for Bruins.

2nd period


0:01 of 2nd period - Jean-Gabriel Pageau wins face-off versus Patrice Bergeron in neutral zone.
0:06 of 2nd period - Shot by Joel Ward.
0:06 of 2nd period - Shot Misses the Net.
0:52 of 2nd period - Leon Draisaitl is hit by Casey Cizikas and loses puck.
0:56 of 2nd period - Icing by Brendan Gallagher.
0:57 of 2nd period - Chris VandeVelde wins face-off versus Tomas Plekanec in Bruins zone.
2:21 of 2nd period - Joel Ward is hit by P.K. Subban and loses puck.
2:37 of 2nd period - Minor Penalty to Andrew Ladd for Hooking.
2:38 of 2nd period - Carl Soderberg wins face-off versus Andre Burakovsky in Bruins zone.
2:38 of 2nd period - Carl Soderberg is hit by Jean-Gabriel Pageau.
4:36 of 2nd period - Shot by Brian Gionta.
4:36 of 2nd period - Shot Misses the Net.
4:48 of 2nd period - Shot by Leon Draisaitl.
4:48 of 2nd period - Shot Misses the Net.
4:50 of 2nd period - Shot by Brendan Gallagher.
4:50 of 2nd period - Stopped by Devan Dubnyk without a rebound.
4:51 of 2nd period - Tomas Plekanec wins face-off versus Chris VandeVelde in Flyers zone.
5:02 of 2nd period - Off-side.
5:03 of 2nd period - Calle Jarnkrok wins face-off versus Freddie Hamilton in neutral zone.
5:28 of 2nd period - Shot by Calle Jarnkrok.
5:28 of 2nd period - Deflect By Joel Ward.
5:28 of 2nd period - Shot Blocked by P.K. Subban.
6:05 of 2nd period - Shot by Andre Burakovsky.
6:05 of 2nd period - Stopped by Carey Price without a rebound.
6:06 of 2nd period - Casey Cizikas wins face-off versus Carl Soderberg in Bruins zone.
6:08 of 2nd period - Brian Gionta is hit by Jake Muzzin and loses puck.
6:26 of 2nd period - Brian Gionta is hit by Jake Muzzin and loses puck.
6:35 of 2nd period - Shot by Shawn Matthias.
6:35 of 2nd period - Deflect By Brian Gionta.
6:35 of 2nd period - Shot Misses the Net.
7:09 of 2nd period - Shot by Jean-Gabriel Pageau.
7:09 of 2nd period - Shot Blocked by Jake Muzzin.
7:11 of 2nd period - Shot by Alexander Killorn.
7:11 of 2nd period - Shot Misses the Net.
7:13 of 2nd period - Shot by Jean-Gabriel Pageau.
7:13 of 2nd period - Goal by Jean-Gabriel Pageau - Flyers : 3 - Bruins : 0.
7:14 of 2nd period - Calle Jarnkrok wins face-off versus Tomas Plekanec in neutral zone.
7:30 of 2nd period - Shot by Joel Ward.
7:30 of 2nd period - Stopped by Carey Price without a rebound.
7:31 of 2nd period - Patrice Bergeron wins face-off versus Jean-Gabriel Pageau in Bruins zone.
7:34 of 2nd period - Minor Penalty to Jean-Gabriel Pageau for High sticking.
7:35 of 2nd period - Tomas Plekanec wins face-off versus Calle Jarnkrok in Flyers zone.
10:28 of 2nd period - Andrew MacDonald is hit by Anders Lee and loses puck.
11:12 of 2nd period - Icing by Ryan Ellis.
11:13 of 2nd period - Patrice Bergeron wins face-off versus Calle Jarnkrok in Flyers zone.
11:17 of 2nd period - Icing by Andrew MacDonald.
11:18 of 2nd period - Tomas Plekanec wins face-off versus Calle Jarnkrok in Flyers zone.
11:59 of 2nd period - Shot by Leon Draisaitl.
11:59 of 2nd period - Shot Misses the Net.
12:01 of 2nd period - Shot by Brendan Gallagher.
12:01 of 2nd period - Stopped by Devan Dubnyk without a rebound.
12:02 of 2nd period - Andrew Ladd wins face-off versus Casey Cizikas in Flyers zone.
12:09 of 2nd period - Shot by Patrice Bergeron.
12:09 of 2nd period - Stopped by Devan Dubnyk with a rebound.
12:12 of 2nd period - Icing by Brian Gionta.
12:13 of 2nd period - Carl Soderberg wins face-off versus Casey Cizikas in Flyers zone.
12:14 of 2nd period - Shot by Ryan Spooner.
12:14 of 2nd period - Shot Misses the Net.
12:22 of 2nd period - Shot by Casey Cizikas.
12:22 of 2nd period - Deflect By Brian Gionta.
12:22 of 2nd period - Shot Misses the Net.
13:23 of 2nd period - Shot by Jake Muzzin.
13:23 of 2nd period - Stopped by Devan Dubnyk without a rebound.
13:24 of 2nd period - Calle Jarnkrok wins face-off versus Patrice Bergeron in Flyers zone.
13:31 of 2nd period - Shot by Joel Ward.
13:31 of 2nd period - Shot Misses the Net.
13:38 of 2nd period - Patrice Bergeron is hit by Ryan Ellis and loses puck.
13:47 of 2nd period - Shot by Corey Perry.
13:47 of 2nd period - Stopped by Devan Dubnyk without a rebound.
13:48 of 2nd period - Tomas Plekanec wins face-off versus Jean-Gabriel Pageau in Flyers zone.
14:29 of 2nd period - Shot by Tomas Plekanec.
14:29 of 2nd period - Stopped by Devan Dubnyk without a rebound.
14:30 of 2nd period - Corey Perry wins face-off versus Casey Cizikas in Flyers zone.
14:33 of 2nd period - Shot by Patrice Bergeron.
14:33 of 2nd period - Stopped by Devan Dubnyk without a rebound.
14:34 of 2nd period - Patrice Bergeron wins face-off versus Brian Gionta in Flyers zone.
14:47 of 2nd period - Icing by Patrice Bergeron.
14:48 of 2nd period - Calle Jarnkrok wins face-off versus Patrice Bergeron in Bruins zone.
14:51 of 2nd period - Shot by Marcus Johansson.
14:51 of 2nd period - Shot Misses the Net.
15:12 of 2nd period - Icing by Marcus Johansson.
15:13 of 2nd period - Tomas Plekanec wins face-off versus Calle Jarnkrok in Flyers zone.
15:19 of 2nd period - Icing by Andrew MacDonald.
15:20 of 2nd period - Calle Jarnkrok wins face-off versus Tomas Plekanec in Flyers zone.
16:35 of 2nd period - Shot by Andre Burakovsky.
16:35 of 2nd period - Goal by Andre Burakovsky - Flyers : 4 - Bruins : 0.
16:35 of 2nd period - Thomas Greiss enters game.
16:36 of 2nd period - Brian Gionta wins face-off versus Carl Soderberg in neutral zone.
16:38 of 2nd period - Casey Cizikas is hit by Greg Pateryn and loses puck.
16:41 of 2nd period - Shot by Shawn Matthias.
16:41 of 2nd period - Shot Misses the Net.
17:19 of 2nd period - Icing by Greg Pateryn.
17:20 of 2nd period - Carl Soderberg wins face-off versus Calle Jarnkrok in Bruins zone.
17:24 of 2nd period - Minor Penalty to Calle Jarnkrok for Hooking.
17:25 of 2nd period - Chris VandeVelde wins face-off versus Tomas Plekanec in Flyers zone.
18:36 of 2nd period - Shot by Corey Perry.
18:36 of 2nd period - Shot Misses the Net.
18:38 of 2nd period - Shot by Andrew Ladd.
18:38 of 2nd period - Goal by Andrew Ladd - Flyers : 4 - Bruins : 1.
18:39 of 2nd period - Melker Karlsson wins face-off versus Jean-Gabriel Pageau in neutral zone.
18:47 of 2nd period - Icing by Tom Gilbert.
18:48 of 2nd period - Patrice Bergeron wins face-off versus Jean-Gabriel Pageau in Flyers zone.
19:09 of 2nd period - Shot by Andre Burakovsky.
19:09 of 2nd period - Shot Misses the Net.
19:11 of 2nd period - Shot by Jean-Gabriel Pageau.
19:11 of 2nd period - Stopped by Thomas Greiss without a rebound.
19:12 of 2nd period - Calle Jarnkrok wins face-off versus Carl Soderberg in Bruins zone.
19:15 of 2nd period - Shot by Joel Ward.
19:15 of 2nd period - Stopped by Thomas Greiss without a rebound.
19:16 of 2nd period - Tomas Plekanec wins face-off versus Calle Jarnkrok in Bruins zone.
19:24 of 2nd period - Icing by Jonathan Ericsson.
19:25 of 2nd period - Marcus Johansson wins face-off versus Brendan Gallagher in Flyers zone.
19:50 of 2nd period - Shot by Marcus Johansson.
19:50 of 2nd period - Stopped by Thomas Greiss without a rebound.
19:51 of 2nd period - Jean-Gabriel Pageau wins face-off versus Patrice Bergeron in Bruins zone.
19:52 of 2nd period - Shot by Andre Burakovsky.
19:52 of 2nd period - Shot Misses the Net.
Goals for this period are 2 for Flyers vs 1 for Bruins.
Shots for this period are 7 for Flyers vs 8 for Bruins.

3rd period


0:01 of 3rd period - Jean-Gabriel Pageau wins face-off versus Brendan Gallagher in neutral zone.
0:17 of 3rd period - Off-side.
0:18 of 3rd period - Casey Cizikas wins face-off versus Patrice Bergeron in neutral zone.
1:32 of 3rd period - Shot by Jean-Gabriel Pageau.
1:32 of 3rd period - Shot Misses the Net.
1:53 of 3rd period - Off-side.
1:54 of 3rd period - Calle Jarnkrok wins face-off versus Carl Soderberg in neutral zone.
2:15 of 3rd period - Shot by Calle Jarnkrok.
2:15 of 3rd period - Shot Blocked by Noah Hanifin.
2:35 of 3rd period - Icing by Noah Hanifin.
2:36 of 3rd period - Jean-Gabriel Pageau wins face-off versus Carl Soderberg in Bruins zone.
2:39 of 3rd period - Shot by Andre Burakovsky.
2:39 of 3rd period - Shot Blocked by Ryan Spooner.
3:07 of 3rd period - Shot by Jean-Gabriel Pageau.
3:07 of 3rd period - Shot Blocked by Anders Lee.
3:09 of 3rd period - Shot by Jonathan Ericsson.
3:09 of 3rd period - Shot Blocked by Greg Pateryn.
3:11 of 3rd period - Shot by Jean-Gabriel Pageau.
3:11 of 3rd period - Deflect By Andre Burakovsky.
3:11 of 3rd period - Stopped by Thomas Greiss without a rebound.
3:12 of 3rd period - Casey Cizikas wins face-off versus Tomas Plekanec in Bruins zone.
3:12 of 3rd period - Casey Cizikas is hit by Shea Weber.
3:20 of 3rd period - Shot by Brian Gionta.
3:20 of 3rd period - Deflect By Shawn Matthias.
3:20 of 3rd period - Shot Misses the Net.
3:39 of 3rd period - Minor Penalty to Tomas Plekanec for Delaying the game.
3:40 of 3rd period - Jean-Gabriel Pageau wins face-off versus Patrice Bergeron in Bruins zone.
3:57 of 3rd period - Shot by Ryan Ellis.
3:57 of 3rd period - Stopped by Thomas Greiss without a rebound.
3:58 of 3rd period - Patrice Bergeron wins face-off versus Marcus Johansson in Bruins zone.
4:29 of 3rd period - Torey Krug is hit by Shawn Matthias and loses puck.
4:36 of 3rd period - Shot by Shawn Matthias.
4:36 of 3rd period - Shot Misses the Net.
6:03 of 3rd period - Shot by Tomas Plekanec.
6:03 of 3rd period - Stopped by Devan Dubnyk without a rebound.
6:04 of 3rd period - Freddie Hamilton wins face-off versus Calle Jarnkrok in Flyers zone.
6:21 of 3rd period - Shot by Marcus Johansson.
6:21 of 3rd period - Shot Misses the Net.
6:24 of 3rd period - Marcus Johansson is hit by Shea Weber and loses puck.
6:30 of 3rd period - Joel Ward is hit by Shea Weber and loses puck.
6:35 of 3rd period - Shot by Andrew MacDonald.
6:35 of 3rd period - Shot Misses the Net.
7:04 of 3rd period - Off-side.
7:05 of 3rd period - Patrice Bergeron wins face-off versus Casey Cizikas in neutral zone.
7:21 of 3rd period - Shot by Andrew Ladd.
7:21 of 3rd period - Deflect By Patrice Bergeron.
7:21 of 3rd period - Stopped by Devan Dubnyk without a rebound.
7:22 of 3rd period - Tomas Plekanec wins face-off versus Jean-Gabriel Pageau in Flyers zone.
7:49 of 3rd period - Shot by Leon Draisaitl.
7:49 of 3rd period - Shot Misses the Net.
8:05 of 3rd period - Shot by Brendan Gallagher.
8:05 of 3rd period - Stopped by Devan Dubnyk without a rebound.
8:06 of 3rd period - Patrice Bergeron wins face-off versus Calle Jarnkrok in Flyers zone.
8:08 of 3rd period - Corey Perry is hit by Ryan Ellis and loses puck.
8:11 of 3rd period - Shot by Corey Perry.
8:11 of 3rd period - Shot Misses the Net.
8:29 of 3rd period - Marcus Johansson is hit by Jake Muzzin and loses puck.
8:36 of 3rd period - Shot by Corey Perry.
8:36 of 3rd period - Stopped by Devan Dubnyk without a rebound.
8:37 of 3rd period - Casey Cizikas wins face-off versus Carl Soderberg in Flyers zone.
8:44 of 3rd period - Shot by Shawn Matthias.
8:44 of 3rd period - Shot Misses the Net.
9:00 of 3rd period - Ryan Spooner is hit by Dan Boyle and loses puck.
9:20 of 3rd period - Noah Hanifin is hit by Dan Boyle and loses puck.
9:37 of 3rd period - Shot by Jean-Gabriel Pageau.
9:37 of 3rd period - Stopped by Thomas Greiss with a rebound.
9:39 of 3rd period - Shot by Jean-Gabriel Pageau.
9:39 of 3rd period - Shot Blocked by Noah Hanifin.
9:41 of 3rd period - Shot by Jean-Gabriel Pageau.
9:41 of 3rd period - Stopped by Thomas Greiss without a rebound.
9:42 of 3rd period - Tomas Plekanec wins face-off versus Calle Jarnkrok in Bruins zone.
9:49 of 3rd period - Andrew MacDonald is hit by Brendan Gallagher and loses puck.
10:20 of 3rd period - Shot by Leon Draisaitl.
10:20 of 3rd period - Shot Misses the Net.
10:22 of 3rd period - Shot by Shea Weber.
10:22 of 3rd period - Shot Blocked by Andrew MacDonald.
10:24 of 3rd period - Shot by Jake Muzzin.
10:24 of 3rd period - Stopped by Devan Dubnyk without a rebound.
10:25 of 3rd period - Jean-Gabriel Pageau wins face-off versus Patrice Bergeron in Flyers zone.
10:38 of 3rd period - Shot by Jean-Gabriel Pageau.
10:38 of 3rd period - Stopped by Thomas Greiss without a rebound.
10:39 of 3rd period - Freddie Hamilton wins face-off versus Chris VandeVelde in Bruins zone.
10:56 of 3rd period - Shot by Freddie Hamilton.
10:56 of 3rd period - Shot Misses the Net.
10:58 of 3rd period - Shot by Freddie Hamilton.
10:58 of 3rd period - Shot Blocked by Dan Boyle.
11:00 of 3rd period - Shot by Connor Brown.
11:00 of 3rd period - Shot Blocked by Dan Boyle.
11:15 of 3rd period - Shot by Melker Karlsson.
11:15 of 3rd period - Shot Misses the Net.
11:46 of 3rd period - Shot by Jean-Gabriel Pageau.
11:46 of 3rd period - Shot Blocked by Jake Muzzin.
11:48 of 3rd period - Shot by Alexander Killorn.
11:48 of 3rd period - Goal by Alexander Killorn - Flyers : 5 - Bruins : 1.
11:49 of 3rd period - Calle Jarnkrok wins face-off versus Patrice Bergeron in neutral zone.
11:58 of 3rd period - Shot by Joel Ward.
11:58 of 3rd period - Deflect By Calle Jarnkrok.
11:58 of 3rd period - Stopped by Thomas Greiss without a rebound.
11:59 of 3rd period - Jean-Gabriel Pageau wins face-off versus Tomas Plekanec in Bruins zone.
12:23 of 3rd period - Leon Draisaitl is hit by Jonathan Ericsson.
13:06 of 3rd period - Shot by Joel Ward.
13:06 of 3rd period - Deflect By Calle Jarnkrok.
13:06 of 3rd period - Shot Misses the Net.
13:15 of 3rd period - Calle Jarnkrok is hit by P.K. Subban and loses puck.
13:32 of 3rd period - Shot by Calle Jarnkrok.
13:32 of 3rd period - Stopped by Thomas Greiss without a rebound.
13:33 of 3rd period - Carl Soderberg wins face-off versus Casey Cizikas in Bruins zone.
13:42 of 3rd period - Shot by Carl Soderberg.
13:42 of 3rd period - Shot Blocked by Shawn Matthias.
13:48 of 3rd period - Shot by Anders Lee.
13:48 of 3rd period - Stopped by Devan Dubnyk without a rebound.
13:49 of 3rd period - Chris VandeVelde wins face-off versus Freddie Hamilton in Flyers zone.
14:14 of 3rd period - Shot by Shea Weber.
14:14 of 3rd period - Shot Blocked by Tom Gilbert.
15:47 of 3rd period - Icing by Shawn Matthias.
15:48 of 3rd period - Carl Soderberg wins face-off versus Shawn Matthias in Flyers zone.
16:20 of 3rd period - Ryan Spooner is hit by Damon Severson and loses puck.
16:34 of 3rd period - Off-side.
16:35 of 3rd period - Patrice Bergeron wins face-off versus Andre Burakovsky in neutral zone.
16:38 of 3rd period - Shot by Andrew Ladd.
16:38 of 3rd period - Deflect By Corey Perry.
16:38 of 3rd period - Stopped by Devan Dubnyk with a rebound.
16:48 of 3rd period - Shot by Andre Burakovsky.
16:48 of 3rd period - Shot Misses the Net.
17:00 of 3rd period - Patrice Bergeron is hit by Andrew MacDonald and loses puck.
17:31 of 3rd period - Shot by Calle Jarnkrok.
17:31 of 3rd period - Shot Misses the Net.
17:33 of 3rd period - Shot by Joel Ward.
17:33 of 3rd period - Shot Misses the Net.
17:35 of 3rd period - Shot by Jonathan Ericsson.
17:35 of 3rd period - Stopped by Thomas Greiss without a rebound.
17:36 of 3rd period - Calle Jarnkrok wins face-off versus Tomas Plekanec in Bruins zone.
17:41 of 3rd period - Shot by Marcus Johansson.
17:41 of 3rd period - Stopped by Thomas Greiss without a rebound.
17:42 of 3rd period - Tomas Plekanec wins face-off versus Calle Jarnkrok in Bruins zone.
18:12 of 3rd period - Off-side.
18:13 of 3rd period - Carl Soderberg wins face-off versus Jean-Gabriel Pageau in neutral zone.
18:26 of 3rd period - Icing by Greg Pateryn.
18:27 of 3rd period - Jean-Gabriel Pageau wins face-off versus Carl Soderberg in Bruins zone.
19:36 of 3rd period - Shot by Leon Draisaitl.
19:36 of 3rd period - Stopped by Devan Dubnyk without a rebound.
19:37 of 3rd period - Calle Jarnkrok wins face-off versus Andrew Ladd in Flyers zone.
Goals for this period are 1 for Flyers vs 0 for Bruins.
Shots for this period are 10 for Flyers vs 8 for Bruins.